 Dungeon Crawl Stone Soup version 0.26.0-10-g1f06aea511 (webtiles) character file.

Game seed: 14020699432969012782

79 Borgoz the Slasher (level 4, -4/36 HPs)
             Began as a Ghoul Gladiator on Jan 13, 2021.
             Slain by a gnoll
             ... wielding a +0 halberd
              (8 damage)
             ... on level 2 of the Dungeon.
             The game lasted 00:02:32 (1567 turns).

Borgoz the Slasher (Ghoul Gladiator)                Turns: 1567, Time: 00:02:33

Health: -4/36      AC:  7    Str: 17    XL:     4   Next: 38%
Magic:  3/3        EV: 12    Int:  3    God:
Gold:   187        SH:  0    Dex: 11    Spells: 3/3 levels left

rFire    . . .     SeeInvis .   a - +0 long sword
rCold    + . .     Faith    .   (no shield)
rNeg     + + +     Spirit   .   l - +0 leather armour
rPois    ∞         Reflect  .   k - +2 helmet
rElec    .         Harm     .   (no cloak)
rCorr    .         Rampage  .   h - +0 pair of gloves
Will     .....                  (no boots)
Stlth    +.........             (no amulet)
HPRegen  0.00/turn              (no ring)
MPRegen  0.08/turn              (no ring)

@: no status effects
A: claws 1, cold resistance 1, negative energy resistance 3, inhibited
regeneration, torment resistance, unbreathing
a: no special abilities


You were on level 2 of the Dungeon.
You visited 1 branch of the dungeon, and saw 3 of its levels.

You collected 187 gold pieces.

Inventory:

Hand Weapons
 a - a +0 long sword (weapon)
 b - a +4 short sword
Missiles
 d - 3 throwing nets (quivered)
Armour
 h - a +0 pair of gloves (worn)
 k - a +2 helmet (worn)
 l - a +0 leather armour (worn)
Wands
 o - a wand of acid (1)
Scrolls
 c - a scroll of amnesia {unknown}
 e - 3 scrolls of identify {unknown}
 g - a scroll of magic mapping {unknown}
 i - a scroll of teleportation {unknown}
 j - a scroll of blinking {unknown}
 n - a scroll of fog {unknown}
Potions
 f - a potion of heal wounds {unknown}
 m - 2 potions of curing {unknown}


   Skills:
 - Level 2.1 Fighting
 * Level 3.8 Long Blades
 - Level 1.7 Throwing
 + Level 1.4 Armour
 + Level 3.2 Dodging


You had 3 spell levels left.
You didn't know any spells.
Your spell library was empty.

Dungeon Overview and Level Annotations

Branches:
Dungeon (3/15)

Altars:
Elyvilon
Wu Jian


Innate Abilities, Weirdness & Mutations

You thrive by killing the living.
You are immune to poison.
You have sharp fingernails.
Your flesh is cold resistant. (rC+)
You are immune to negative energy. (rN+++)
You do not regenerate when monsters are visible.
You are immune to unholy pain and torment.
You can survive without breathing.


Message History

The gnoll barely misses you. x2
You barely miss the gnoll.
The gnoll is severely wounded.
The gnoll misses you. x2
You hit the gnoll but do no damage.
The gnoll is severely wounded.
The gnoll closely misses you.
The gnoll hits you from afar with a +0 halberd.
* * * LOW HITPOINT WARNING * * *
You hit the gnoll but do no damage.
The gnoll is severely wounded.
The gnoll hits you with a +0 flail.
* * * LOW HITPOINT WARNING * * *
The gnoll hits you but does no damage.
You hit the gnoll but do no damage.
The gnoll is severely wounded.
The gnoll hits you with a +0 flail.
* * * LOW HITPOINT WARNING * * *
The gnoll hits you from afar with a +0 halberd!
You die...

...###......(.#...# #.# #....
..............#.### #.#######.###
...#..........#.#####...........#
...#..._##........#..^.....##.#.#
...#....##.#.#..#.#........##.#..
...#....<.........#........##.###
...)............>..........##.# #
##.##########..#..#........##.# #
...#####...###.#@##........##.###
##.#...#.#.###.#g##.......(##....
...#.....#.#...g.##.#############
.....#.#.........##..)...........
.....(..####.##..################
.....#.......##..........#
.....##.#######..........#
.....##.# #..........# #######.#
#..........#


You could see 2 gnolls.

Vanquished Creatures
  2 gnolls (D:2)
  A worm (D:2)
  2 dart slugs
  3 leopard geckos
  5 orcs (D:2)
  A ball python (D:2)
  5 giant cockroaches
  6 goblins (D:1)
  3 hobgoblins (D:1)
  3 bats
  A frilled lizard (D:1)
  6 kobolds
  6 rats
  A toadstool (D:2)
45 creatures vanquished.

Vanquished Creatures (others)
  4 fungi (D:2)
  4 toadstools (D:2)
8 creatures vanquished.

Grand Total: 53 creatures vanquished

Notes
Turn   | Place    | Note
-------+----------+-------------------------------------------
     0 | D:1      | Borgoz the Ghoul Gladiator began the quest for the Orb.
     0 | D:1      | Reached XP level 1. HP: 17/17 MP: 0/0
   157 | D:1      | Reached XP level 2. HP: 24/24 MP: 1/1
   463 | D:1      | You fall into a shaft and drop 1 floor!
   463 | D:2      | Found an ornate altar of the Wu Jian Council.
   507 | D:2      | Found a white marble altar of Elyvilon.
   672 | D:1      | Reached XP level 3. HP: 29/29 MP: 2/2
   714 | D:1      | Reached skill level 1 in Armour
  1546 | D:2      | Reached XP level 4. HP: 36/36 MP: 3/3
  1567 | D:2      | Slain by a gnoll

Illustrated notes

Levels and vault maps discovered:
D:1:      lightli_arrival_flooded_house, layout_basic
D:2:      layout_basic, overflow_temple_1_default, elyvilon_altar_4,
          minmay_gold_behind_fungi
D:3:      layout_loops_ring, lemuel_doored_altar, fedhas_altar_3,
          marbit_many_paths, corexii_leaking_fountain, amcnicky_mini_pool_small,
          uniq_crazy_yiuf_cottage

Skill      XL: |  1  2  3 |
---------------+----------+-----
Long Blades    | 3 |  3.8
Dodging        | 3 |  3.2
Armour         | 1 |  1.4
Fighting       | |  2.1
Throwing       | |  1.7

Action                   |  1- 3 |  4- 6 || total
-------------------------+-------+-------++-------
Melee: Long sword        |   117 |     8 ||   125
Evoke: Wand              |     1 |     2 ||     3
Armor: Leather armour    |    48 |     3 ||    51
Dodge: Dodged            |    99 |    11 ||   110
       Rpst.: Long sword |    28 |     1 ||    29
